MLB
CLEVELAND GUARDIANS @ OAKLAND ATHLETICS
06/03/2099
 
TOP OF THE 1ST
Cleveland Guardians batting - Pitching for Oakland Athletics : LHP Ray Gehring
Pitching: LHP Ray Gehring
Batting: RHB Chase Calhoun 0-0: Foul Ball, location: 9LSF
0-1: Ball
1-1: Swinging Strike
1-2: Foul Ball, location: 25F
1-2: Foul Ball, location: 2F
1-2: Strikes out swinging
Batting: LHB Mel Soto 0-0: Ball
1-0: Ball
2-0: Ball
3-0: Called Strike
3-1: SINGLE (Line Drive, 8LS, EV 88.1 MPH)
Batting: RHB Barry Nicholson 0-0: Fielders Choice at 2nd, 1-4 (Groundball, 15S, EV 70.6 MPH)
Batting: RHB Ciro Visconti 0-0: Ball
1-0: Ball
2-0: Foul Ball, location: 7LDF
2-1: SINGLE (Groundball, 56D, EV 105.6 MPH)
Barry Nicholson to second
Batting: LHB Jonathan Setzler 0-0: Called Strike
0-1: Ball
1-1: SINGLE (Line Drive, 89S, EV 90.0 MPH)
Barry Nicholson to third
Ciro Visconti to second
Runner from 3rd tries for Home, SAFE, throw by RF to home
Batting: RHB Chris Goacher 0-0: Foul Ball, location: 23FF
0-1: Called Strike
0-2: Ball
1-2: Ball
2-2: DOUBLE (Line Drive, 7LS, EV 94.4 MPH)
Ciro Visconti scores
Jonathan Setzler to third
Batting: RHB Tyler O'Brien 0-0: Ball
1-0: Foul Ball, location: 2F
1-1: Ball
2-1: Foul Ball, location: 9LSF
2-2: Foul Ball, location: 2F
2-2: Ball
3-2: Base on Balls
Batting: LHB Matt Cleary 0-0: Called Strike
0-1: Foul Ball, location: 7LSF
0-2: Ball
1-2: Foul Ball, location: 2F
1-2: Ground out 3-1 (Groundball, 34S, EV 87.5 MPH)
Top of the 1st over - 2 runs, 4 hits, 0 errors, 3 left on base; Cleveland 2 - Oakland 0
BOTTOM OF THE 1ST
Oakland Athletics batting - Pitching for Cleveland Guardians : LHP Gaby Juarbe Jr.
Pitching: LHP Gaby Juarbe Jr.
Batting: LHB Ryan Tipton 0-0: Ball
1-0: Ball
2-0: Ball
3-0: Called Strike
3-1: Foul Ball, location: 3FF
3-2: DOUBLE (Line Drive, 8RXD, EV 106.9 MPH)
Batting: RHB Joey George 0-0: Ball
1-0: Called Strike
1-1: Ball
2-1: Called Strike
2-2: Ball
3-2: Base on Balls
Batting: LHB Pat Wilson 0-0: Ball
1-0: Ball
2-0: Ball
3-0: Called Strike
3-1: SINGLE (Line Drive, 78M, EV 93.1 MPH)
Ryan Tipton to third
Joey George to second
Batting: LHB Ivan Suarez 0-0: Called Strike
0-1: Ball
1-1: Ball
2-1: Ball
3-1: Foul Ball, location: 7LSF
3-2: Fly out, F2 (Popup, 2L, EV 91.9 MPH)
Batting: RHB Randy Fowler 0-0: Swinging Strike
0-1: Foul Ball, location: 2F
0-2: Fly out, F4 (Popup, 23, EV 91.3 MPH)
Batting: LHB Steve Tocci 0-0: Ball
1-0: Ball
2-0: Ball
3-0: Base on Balls
Ryan Tipton scores
Joey George to third
Pat Wilson to second
Batting: RHB David Reichel 0-0: Fly out, F8 (Flyball, 8RM, EV 73.1 MPH)
Bottom of the 1st over - 1 run, 2 hits, 0 errors, 3 left on base; Cleveland 2 - Oakland 1
TOP OF THE 2ND
Cleveland Guardians batting - Pitching for Oakland Athletics : LHP Ray Gehring
Batting: LHB Dallas Ostrove 0-0: Fly out, F6 (Popup, 6S, EV 68.8 MPH)
Batting: RHB Chase Calhoun 0-0: Called Strike
0-1: Ball
1-1: Called Strike
1-2: Ball
2-2: Strikes out swinging
Batting: LHB Mel Soto 0-0: Called Strike
0-1: SINGLE (Line Drive, 7LS, EV 101.9 MPH)
Batting: RHB Barry Nicholson 0-0: Ball
1-0: Called Strike
1-1: Foul Ball, location: 23FF
1-2: Strikes out swinging
Top of the 2nd over - 0 runs, 1 hit, 0 errors, 1 left on base; Cleveland 2 - Oakland 1
BOTTOM OF THE 2ND
Oakland Athletics batting - Pitching for Cleveland Guardians : LHP Gaby Juarbe Jr.
Batting: LHB Gene Del Vecchio 0-0: Ball
1-0: Foul Ball, location: 9LMF
1-1: Called Strike
1-2: Foul Ball, location: 7LMF
1-2: Ball
2-2: Foul Ball, location: 7LSF
2-2: Fly out, F9 (Flyball, 9D, EV 104.4 MPH)
Batting: RHB Tom Karr 0-0: Foul Ball, location: 2F
0-1: Swinging Strike
0-2: Ground out 6-3 (Groundball, 6, EV 94.4 MPH)
Batting: LHB Ryan Tipton 0-0: Foul Ball, location: 2F
0-1: Ball
1-1: Fly out, F7 (Flyball, 7LM, EV 90.6 MPH)
Bottom of the 2nd over - 0 runs, 0 hits, 0 errors, 0 left on base; Cleveland 2 - Oakland 1
TOP OF THE 3RD
Cleveland Guardians batting - Pitching for Oakland Athletics : LHP Ray Gehring
Batting: RHB Ciro Visconti 0-0: Fly out, F8 (Flyball, 8LD, EV 95.6 MPH)
Batting: LHB Jonathan Setzler 0-0: Ball
1-0: Ball
2-0: DOUBLE (Flyball, 8RXD, EV 107.5 MPH)
Batting: RHB Chris Goacher 0-0: Swinging Strike
0-1: Swinging Strike
0-2: Foul Ball, location: 23FF
0-2: Foul Ball, location: 25F
0-2: Strikes out swinging
Batting: RHB Tyler O'Brien 0-0: Ball
1-0: Ball
2-0: Swinging Strike
2-1: Foul Ball, location: 2F
2-2: Foul Ball, location: 7LMF
2-2: Fly out, F3 (Popup, 34S, EV 79.4 MPH)
Top of the 3rd over - 0 runs, 1 hit, 0 errors, 1 left on base; Cleveland 2 - Oakland 1
BOTTOM OF THE 3RD
Oakland Athletics batting - Pitching for Cleveland Guardians : LHP Gaby Juarbe Jr.
Batting: RHB Joey George 0-0: Ball
1-0: Foul Ball, location: 2F
1-1: Ball
2-1: Called Strike
2-2: Foul Ball, location: 23FF
2-2: Strikes out swinging
Batting: LHB Pat Wilson 0-0: Ball
1-0: Called Strike
1-1: Called Strike
1-2: Ground out 4-3 (Groundball, 4, EV 89.4 MPH)
Batting: LHB Ivan Suarez 0-0: Ball
1-0: Foul Ball, location: 5F
1-1: Fly out, F8 (Flyball, 8RD, EV 85.6 MPH)
Bottom of the 3rd over - 0 runs, 0 hits, 0 errors, 0 left on base; Cleveland 2 - Oakland 1
TOP OF THE 4TH
Cleveland Guardians batting - Pitching for Oakland Athletics : LHP Ray Gehring
Batting: LHB Matt Cleary 0-0: Foul Ball, location: 2F
0-1: SINGLE (Groundball, 4D, EV 106.9 MPH)
Batting: LHB Dallas Ostrove 0-0: Ball
1-0: Grounds into double play, 1-6-3 (Groundball, 13S, EV 70.6 MPH)
Batting: RHB Chase Calhoun 0-0: Swinging Strike
0-1: Ball
1-1: Called Strike
1-2: Ball
2-2: Ball
3-2: Strikes out swinging
Top of the 4th over - 0 runs, 1 hit, 0 errors, 0 left on base; Cleveland 2 - Oakland 1
BOTTOM OF THE 4TH
Oakland Athletics batting - Pitching for Cleveland Guardians : LHP Gaby Juarbe Jr.
Batting: RHB Randy Fowler 0-0: Foul Ball, location: 2F
0-1: Called Strike
0-2: Ground out 6-3 (Groundball, 6, EV 84.4 MPH)
Batting: LHB Steve Tocci 0-0: Ball
1-0: Called Strike
1-1: Ball
2-1: Foul Ball, location: 23F
2-2: Ball
3-2: Base on Balls
Batting: RHB David Reichel 0-0: Ball
1-0: Called Strike
1-1: Ball
2-1: Called Strike
2-2: Foul Ball, location: 9LSF
2-2: Strikes out swinging
Batting: LHB Gene Del Vecchio 0-0: DOUBLE (Flyball, 8LD, EV 93.8 MPH)
Steve Tocci to third
Batting: RHB Tom Karr 0-0: Swinging Strike
0-1: Foul Ball, location: 5FF
0-2: Strikes out looking
Bottom of the 4th over - 0 runs, 1 hit, 0 errors, 2 left on base; Cleveland 2 - Oakland 1
TOP OF THE 5TH
Cleveland Guardians batting - Pitching for Oakland Athletics : LHP Ray Gehring
Batting: LHB Mel Soto 0-0: Called Strike
0-1: Swinging Strike
0-2: Foul Ball, location: 2F
0-2: Ball
1-2: Reached on error, E9 (Flyball, 89M, EV 82.5 MPH)
Batting: RHB Barry Nicholson 0-0: Called Strike
0-1: Ball
1-1: Foul Ball, location: 3FF
1-2: Foul Ball, location: 5FF
1-2: Ball
2-2: Strikes out looking
Batting: RHB Ciro Visconti 0-0: Called Strike
0-1: Ball
1-1: Foul Ball, location: 2F
1-2: Ball
2-2: Strikes out swinging
Batting: LHB Jonathan Setzler 0-0: Swinging Strike
0-1: Ball
1-1: Foul Ball, location: 23F
1-2: Strikes out looking
Top of the 5th over - 0 runs, 0 hits, 1 error, 1 left on base; Cleveland 2 - Oakland 1
BOTTOM OF THE 5TH
Oakland Athletics batting - Pitching for Cleveland Guardians : LHP Gaby Juarbe Jr.
Batting: LHB Ryan Tipton 0-0: Ball
1-0: Ball
2-0: Ball
3-0: Base on Balls
Batting: RHB Joey George 0-0: Ball
1-0: Ball
2-0: Foul Ball, location: 9LSF
2-1: SINGLE (Groundball, 3S, EV 60.6 MPH) (infield hit)
Ryan Tipton to second
Batting: LHB Pat Wilson 0-0: Ball
1-0: Called Strike
1-1: Fly out, F8 (Flyball, 8LXD, EV 111.3 MPH)
Runner from 2nd tags up, SAFE at 3rd, no throw by CF
Batting: LHB Ivan Suarez 0-0: Hit by Pitch
Joey George to second
Batting: RHB Randy Fowler 0-0: Called Strike
0-1: Foul Ball, location: 25F
0-2: Fly out, F8 (Line Drive, 78M, EV 91.3 MPH)
Runner from 3rd tags up, SCORES, throw by CF
Joey George to third
Batting: LHB Steve Tocci 0-0: Called Strike
0-1: Ball
Passed Ball!
Joey George scores
Ivan Suarez to second
1-1: Foul Ball, location: 23F
1-2: SINGLE (Groundball, 6MD, EV 98.8 MPH)
Ivan Suarez to third
Runner from 3rd tries for Home, SAFE, throw by CF to home
Steve Tocci to second
Batting: RHB David Reichel 0-0: Ball
1-0: SINGLE (Line Drive, 4MD, EV 105.6 MPH)
Steve Tocci to third
Runner from 3rd tries for Home, SAFE, throw by CF to home
Pitching: RHP Mike Doe
Batting: LHB Gene Del Vecchio 0-0: Ball
1-0: Ball
2-0: Foul Ball, location: 25F
2-1: Fly out, F6 (Popup, 6MS, EV 76.9 MPH)
Bottom of the 5th over - 4 runs, 3 hits, 0 errors, 1 left on base; Cleveland 2 - Oakland 5
TOP OF THE 6TH
Cleveland Guardians batting - Pitching for Oakland Athletics : LHP Ray Gehring
Batting: RHB Chris Goacher 0-0: Ball
1-0: Ball
2-0: Called Strike
2-1: Foul Ball, location: 9LSF
2-2: Ball
3-2: Strikes out looking
Batting: RHB Tyler O'Brien 0-0: Ball
1-0: Called Strike
1-1: Called Strike
1-2: Strikes out swinging
Batting: LHB Matt Cleary 0-0: Called Strike
0-1: Ball
1-1: Ball
2-1: Swinging Strike
2-2: Strikes out swinging
Top of the 6th over - 0 runs, 0 hits, 0 errors, 0 left on base; Cleveland 2 - Oakland 5
BOTTOM OF THE 6TH
Oakland Athletics batting - Pitching for Cleveland Guardians : RHP Mike Doe
Batting: RHB Tom Karr 0-0: Ball
1-0: Foul Ball, location: 5F
1-1: Foul Ball, location: 3SF
1-2: SINGLE (Groundball, 6MD, EV 94.4 MPH)
Batting: LHB Ryan Tipton 0-0: Fielders Choice at 2nd, 4-6 (Groundball, 4, EV 88.1 MPH)
Batting: RHB Joey George 0-0: Foul Ball, location: 2RF
0-1: Ball
1-1: DOUBLE (Line Drive, 8RXD, EV 108.1 MPH)
Ryan Tipton to third
Runner from 3rd tries for Home, SAFE, throw by CF to home
Batting: LHB Pat Wilson 0-0: Foul Ball, location: 3F
0-1: Foul Ball, location: 2F
0-2: Ball
1-2: Strikes out looking
Batting: LHB Ivan Suarez 0-0: Ball
1-0: 2-RUN HOME RUN (Flyball, 9LD, EV 92.5 MPH), Distance : 358 ft
Pitching: RHP John Skinner
Batting: RHB Randy Fowler 0-0: Called Strike
0-1: SINGLE (Line Drive, 78S, EV 95.6 MPH)
Batting: LHB Steve Tocci 0-0: Called Strike
0-1: Ball
1-1: Ball
2-1: Foul Ball, location: 5F
Pickoff Throw to First - Out! 1-3
Bottom of the 6th over - 3 runs, 4 hits, 0 errors, 0 left on base; Cleveland 2 - Oakland 8
TOP OF THE 7TH
Cleveland Guardians batting - Pitching for Oakland Athletics : LHP Ray Gehring
Batting: LHB Dallas Ostrove 0-0: Foul Ball, location: 2F
0-1: Foul Ball, location: 3F
0-2: Foul Ball, location: 2F
0-2: Strikes out swinging
Pitching: RHP Steven Cadmus
Batting: RHB Chase Calhoun 0-0: Called Strike
0-1: Foul Ball, location: 2F
0-2: Ball
1-2: Ball
2-2: Ball
3-2: Foul Ball, location: 2F
3-2: Fly out, F8 (Flyball, 8RXD, EV 110.0 MPH)
Batting: LHB Mel Soto 0-0: Ball
1-0: Ball
2-0: Ball
3-0: Called Strike
3-1: DOUBLE (Line Drive, 8RXD, EV 105.6 MPH)
Batting: RHB Barry Nicholson 0-0: Ball
1-0: Ball
2-0: Called Strike
2-1: Called Strike
2-2: Ground out 6-3 (Groundball, 6, EV 105.6 MPH)
Top of the 7th over - 0 runs, 1 hit, 0 errors, 1 left on base; Cleveland 2 - Oakland 8
BOTTOM OF THE 7TH
Oakland Athletics batting - Pitching for Cleveland Guardians : RHP John Skinner
Batting: LHB Steve Tocci 0-0: Called Strike
0-1: Swinging Strike
0-2: Ball
1-2: Ground out 1-3 (Groundball, 15S, EV 69.4 MPH)
Batting: RHB David Reichel 0-0: Swinging Strike
0-1: Ball
1-1: Foul Ball, location: 9LSF
1-2: Fly out, F3 (Line Drive, 34, EV 72.5 MPH)
Batting: LHB Gene Del Vecchio 0-0: Ball
1-0: Foul Ball, location: 3F
1-1: Swinging Strike
1-2: SINGLE (Groundball, 6MD, EV 95.0 MPH)
Batting: RHB Tom Karr 0-0: Fielders Choice at 2nd, 6-4 (Groundball, 6, EV 98.1 MPH)
Bottom of the 7th over - 0 runs, 1 hit, 0 errors, 1 left on base; Cleveland 2 - Oakland 8
TOP OF THE 8TH
Cleveland Guardians batting - Pitching for Oakland Athletics : RHP Steven Cadmus
Batting: RHB Ciro Visconti 0-0: Ball
1-0: Fly out, F7 (Flyball, 7, EV 89.4 MPH)
Batting: LHB Jonathan Setzler 0-0: Called Strike
0-1: Foul Ball, location: 5F
0-2: Ball
1-2: Foul Ball, location: 5SF
1-2: Ground out 5-3 (Groundball, 15, EV 80.6 MPH)
Batting: RHB Chris Goacher 0-0: Called Strike
0-1: Ball
1-1: Foul Ball, location: 9LSF
1-2: Hit by Pitch
Batting: RHB Tyler O'Brien 0-0: Foul Ball, location: 9LMFF
0-1: Ball
1-1: Ball
2-1: Called Strike
2-2: Strikes out looking
Top of the 8th over - 0 runs, 0 hits, 0 errors, 1 left on base; Cleveland 2 - Oakland 8
BOTTOM OF THE 8TH
Oakland Athletics batting - Pitching for Cleveland Guardians : RHP John Skinner
Batting: LHB Ryan Tipton 0-0: Called Strike
0-1: SINGLE (Line Drive, 8RS, EV 103.8 MPH)
Batting: RHB Joey George 0-0: DOUBLE (Flyball, 89D, EV 112.5 MPH)
Ryan Tipton to third
Batting: LHB Pat Wilson 0-0: Called Strike
0-1: Ball
1-1: Swinging Strike
1-2: Strikes out swinging
Batting: LHB Ivan Suarez 0-0: Ball
1-0: Ball
2-0: Ball
3-0: Called Strike
3-1: Ground out 4-3 (Groundball, 4, EV 83.1 MPH)
Ryan Tipton scores
Joey George to third
Batting: RHB Randy Fowler 0-0: Swinging Strike
0-1: Called Strike
0-2: Ball
1-2: Ball
2-2: Ball
3-2: Foul Ball, location: 9LDF
3-2: Base on Balls
Batting: LHB Steve Tocci 0-0: Called Strike
0-1: Ball
1-1: Ball
2-1: Foul Ball, location: 2F
2-2: Ball
3-2: Foul Ball, location: 2F
3-2: Ground out U3 (Groundball, 3S, EV 81.3 MPH)
Bottom of the 8th over - 1 run, 2 hits, 0 errors, 2 left on base; Cleveland 2 - Oakland 9
TOP OF THE 9TH
Cleveland Guardians batting - Pitching for Oakland Athletics : RHP Steven Cadmus
Batting: LHB Matt Cleary 0-0: Called Strike
0-1: Called Strike
0-2: Foul Ball, location: 2F
0-2: Fly out, F8 (Flyball, 89D, EV 93.8 MPH)
Batting: LHB Dallas Ostrove 0-0: Foul Ball, location: 7LDF
0-1: Called Strike
0-2: Ball
1-2: Ball
2-2: Ball
3-2: SOLO HOME RUN (Flyball, 9D, EV 98.1 MPH), Distance : 373 ft
Pitching: RHP Bobby Rettig
Batting: RHB Chase Calhoun 0-0: Ball
1-0: Called Strike
1-1: Ball
2-1: Fly out, F7 (Line Drive, 7, EV 89.4 MPH)
Batting: LHB Mel Soto 0-0: Swinging Strike
0-1: Called Strike
0-2: Strikes out swinging
Top of the 9th over - 1 run, 1 hit, 0 errors, 0 left on base; Cleveland 3 - Oakland 9
Sunday, May 5th , 2024 - OOTP Baseball 24.11 Build 85